cohdb
Replays
Latest Replays
All Replays
Popular Replays
Top Player Replays
Match Explorer
How It Works
Community
CoH3 Stats
Reddit
Sign in to upload your games and track your stats! →
Sign in with Steam
Match 38828660
Unlisted
Match 38828660
Overview
Messages
Build Orders
End
Pioneer Squad
Construct Infanterie Kompanie
Grenadier Squad
Grenadier Squad
MG 42 Machine Gun Team
Infanterie Officer Quarters
Grenadier Squad
Medical Station
Construct Panzergrenadier Kompanie
Pak 40 Anti-tank Gun Team
Selects Mechanized Battlegroup
Selects Raid Package
Support Elements
Pak 40 Anti-tank Gun Team
GrW 34 Mortar Team
StuG III G Assault Gun
Panzergrenadier Officer Quarters
Panzergrenadier Squad
Selects 8 Rad Armored Car
MG 42 Machine Gun Team
Panzergrenadier Squad
Pioneer Squad
Selects Panther Heavy Tank
Selects Panther Heavy Tank
Construct Panzer Kompanie
MG 42 Machine Gun Team
Sturmpanzer IV Brummbär
Selects Spotting Scopes
Selects Wespe Self-propelled Artillery
Panther Heavy Tank
Pioneer Squad
Pioneer Squad
Stoßtruppen Squad
Selects Mechanized Assault
Panzergrenadier Squad
Mechanized Assault
Panther Heavy Tank
Orsted
只愛❤毛妹
0
0
Comments
sign in to comment!
No comments posted yet!